Map: 幽暗之塔

Players

Nice

  • Race: Protoss Protoss
  • League: Grandmaster

Sen - Winner!

  • Race: Zerg Zerg
  • League: Master

Event: 2016 WCS Winter Challenger Taiwan

VOD

Have the link to the VOD?

Description

Time

  • Played on: Jan. 7, 2016, 7:03 a.m.
  • Length: 14:32

All games in this series

Show
View Real Time Build Order
Export as new Build Order

Nice Protoss 

Build Orders: Nexus First 

Get SALT Encoding   

  12  0:01  Probe (Chrono Boost)  
  13  0:11  Probe (Chrono Boost)  
  14  0:20  Pylon  
  14  0:22  Probe (Chrono Boost)  
  15  0:39  Probe (Chrono Boost)  
  16  0:49  Probe (Chrono Boost)  
  17  0:57  Nexus  
  17  1:07  Gateway  
  17  1:10  Probe (Chrono Boost)  
  18  1:16  Assimilator  
  18  1:21  Probe (Chrono Boost)  
  19  1:28  Gateway  
  19  1:31  Probe (Chrono Boost)  
  20  1:42  Probe (Chrono Boost)  
  20  1:44  Pylon  
  21  1:52  Probe (Chrono Boost)  
  22  1:58  Cybernetics Core  
  22  2:03  Probe (Chrono Boost)  
  22  2:06  Assimilator  
  23  2:13  Probe (Chrono Boost)  
  25  2:15  Probe (Chrono Boost)  
  25  2:24  Probe (Chrono Boost)  
  25  2:26  Probe (Chrono Boost)  
  27  2:34  Adept (Chrono Boost)  
  27  2:35  Adept (Chrono Boost)  
  27  2:36  Probe  
  33  2:37  Mothership Core  
  34  2:45  Assimilator  
  34  2:46  Warp Gate  
  34  2:48  Probe  
  35  2:54  Pylon  
  35  2:58  Probe  
  35  2:59  Adept (Chrono Boost)  
  35  3:04  Adept (Chrono Boost)  
  40  3:07  Probe  
  40  3:10  Probe  
  42  3:14  Pylon  
  42  3:31  Pylon  
  42  3:32  Pylon  
  40  3:35  Probe  
  40  3:37  Probe  
  41  3:42  Stargate  
  41  3:47  Probe (Chrono Boost)  
  44  3:48  Adept x2 (Chrono Boost)  
  44  3:49  Probe (Chrono Boost)  
  47  3:58  Probe (Chrono Boost)  
  47  4:00  Probe (Chrono Boost)  
  49  4:07  Pylon  
  49  4:09  Probe (Chrono Boost)  
  50  4:10  Probe (Chrono Boost)  
  51  4:19  Probe (Chrono Boost)  
  51  4:20  Probe (Chrono Boost)  
  51  4:23  Gateway  
  53  4:25  Oracle (Chrono Boost)  
  53  4:30  Probe  
  53  4:31  Probe  
  58  4:38  Nexus  
  58  4:39  Pylon  
  58  4:50  Assimilator  
  58  4:52  Sentry  
  58  4:54  Probe  
  58  4:55  Probe  
  58  4:57  Void Ray (Chrono Boost)  
  65  5:00  Adept  
  65  5:03  Twilight Council  
  67  5:08  Probe, Forge  
  68  5:15  Probe  
  68  5:16  Pylon  
  68  5:19  Adept  
  68  5:21  Probe  
  72  5:25  Probe  
  72  5:28  Robotics Facility  
  71  5:34  Probe  
  72  5:37  Resonating Glaives (Chrono Boost)  
  72  5:40  Probe, Protoss Ground Weapons Level 1  
  73  5:43  Sentry  
  73  5:46  Probe  
  73  5:47  Pylon  
  73  5:49  Probe  
  76  5:52  Probe  
  76  5:54  Pylon  
  78  5:58  Probe  
  78  5:59  Probe  
  80  6:04  Probe  
  80  6:08  Gateway x2  
  80  6:10  Probe x2  
  82  6:15  Robotics Bay  
  82  6:16  Warp Prism (Chrono Boost)  
  85  6:23  Gateway  
  85  6:25  Gateway  
  85  6:26  Probe  
  85  6:27  Sentry  
  85  6:28  Probe  
  85  6:29  Probe  
  90  6:36  Assimilator  
  90  6:38  Probe x2  
  90  6:39  Pylon  
  91  6:41  Stalker, Assimilator  
  91  6:44  Pylon  
  94  6:54  Probe  
  94  6:55  Probe x2  
  97  7:06  Gravitic Drive, Disruptor (Chrono Boost)  
  97  7:14  Pylon  
  97  7:15  Blink, Pylon  
  97  7:17  Adept  
  97  7:18  Adept x3  
  103  7:35  Pylon, Adept x3  
  103  7:37  Pylon, Disruptor (Chrono Boost)  
  112  7:39  Pylon  
  112  7:49  Adept x3  
  108  7:52  Protoss Ground Weapons Level 2 (Chrono Boost)  
  108  7:55  Pylon  
  104  8:07  Disruptor (Chrono Boost)  
  107  8:14  Robotics Facility  
  107  8:15  Nexus  
  107  8:17  Stalker x6, Pylon  
  107  8:19  Stalker  
  121  8:23  Pylon  
  114  8:41  Observer (Chrono Boost)  
  114  8:44  Photon Cannon  
  114  8:53  Stalker x4  
  114  8:54  Stalker x3  
  128  8:59  Disruptor (Chrono Boost)  
  132  9:03  Gateway  
  132  9:05  Pylon  
  132  9:06  Disruptor (Chrono Boost)  
  132  9:07  Gateway  
  132  9:19  Adept  
  132  9:20  Adept  
  132  9:21  Sentry  
  132  9:23  Stalker  
  140  9:25  Stalker  
  140  9:31  Observer (Chrono Boost)  
  143  9:37  Stalker x2  
  147  9:41  Assimilator  
  147  9:42  Assimilator  
  147  9:45  Stalker x2  
  140  9:55  Adept x3  
  139  10:01  Mothership Core  
  130  10:07  Stalker  
  130  10:08  Stalker x3  
  102  10:44  Stalker  
  102  10:45  Stalker x5  
  112  10:56  Probe  
  95  11:10  Stalker  
  83  11:25  Stalker  
  40  11:40  Stalker x2  
  40  11:41  Stalker  
  46  11:47  Stalker  
  46  11:48  Probe  
  46  11:50  Probe x2  
  51  11:59  Stalker  
  52  12:04  Stalker  
  52  12:20  Stalker x2  
  54  12:32  Stalker  
  54  12:39  Probe  
  54  12:40  Stalker  
  54  12:41  Probe x2  
  59  12:50  Probe  
  55  12:53  Probe x2  
  55  12:55  Stalker x2  
  61  13:02  Probe  
  61  13:05  Probe x2  
  57  13:20  Stalker  
  57  13:22  Stalker  
  61  13:35  Stalker  
  63  13:41  Stalker  
  65  13:52  Stalker  
  56  14:10  Stalker  
  56  14:11  Stalker  
  56  14:14  Stalker  
Show
View Real Time Build Order
Export as new Build Order

Sen Zerg - Winner!

Build Orders: 3 Hatch before Pool 

Get SALT Encoding   

  12  0:00  Drone  
  13  0:08  Drone  
  14  0:17  Overlord  
  14  0:23  Drone, Extractor  
  15  0:35  Drone  
  15  0:36  Drone  
  17  0:44  Drone  
  18  0:59  Hatchery  
  18  1:00  Drone  
  18  1:08  Drone  
  19  1:12  Extractor  
  18  1:25  Hatchery  
  17  1:37  Spawning Pool  
  17  1:39  Drone  
  17  1:44  Drone  
  17  1:45  Drone  
  19  1:48  Extractor  
  19  1:52  Drone  
  19  2:02  Drone  
  20  2:13  Drone  
  21  2:16  Drone  
  22  2:24  Drone x2  
  22  2:26  Queen x2  
  28  2:32  Overlord  
  28  2:47  Overlord  
  28  2:48  Drone  
  28  2:49  Drone  
  28  2:50  Queen  
  32  2:53  Metabolic Boost  
  32  2:59  Zergling x2  
  32  3:00  Zergling x2  
  32  3:02  Zergling x2  
  35  3:09  Zergling x2  
  35  3:10  Zergling x4  
  38  3:18  Queen  
  38  3:19  Drone  
  41  3:20  Drone  
  41  3:26  Drone  
  43  3:28  Drone  
  43  3:30  Drone x2  
  43  3:31  Drone  
  43  3:33  Drone  
  46  3:36  Drone  
  46  3:39  Drone  
  47  3:42  Drone  
  48  3:49  Overlord  
  48  3:51  Drone  
  48  3:52  Drone  
  50  3:57  Overlord  
  50  4:08  Drone  
  50  4:09  Drone x5  
  56  4:14  Drone x2  
  57  4:17  Overlord  
  57  4:20  Roach Warren  
  56  4:27  Drone  
  56  4:29  Spine Crawler  
  56  4:30  Drone x3  
  56  4:31  Drone x3  
  60  4:33  Spore Crawler  
  60  4:35  Drone, Extractor  
  60  4:37  Extractor  
  60  4:38  Drone x2  
  61  4:43  Drone, Lair  
  61  4:45  Overlord  
  63  4:53  Drone x3  
  63  4:57  Overlord  
  66  5:00  Roach x4  
  66  5:03  Drone x3  
  77  5:17  Drone x2  
  77  5:19  Spore Crawler x2  
  77  5:20  Spore Crawler  
  77  5:21  Drone  
  77  5:24  Drone  
  77  5:27  Extractor x2  
  77  5:28  Extractor  
  75  5:29  Drone x5  
  75  5:33  Ravager  
  75  5:34  Ravager x3  
  84  5:38  Hatchery  
  84  5:39  Overlord x2  
  84  5:40  Drone  
  84  5:42  Drone  
  85  5:43  Drone  
  85  5:45  Hydralisk Den  
  85  5:48  Overlord  
  85  5:53  Overlord x2  
  85  5:58  Drone x2  
  85  5:59  Drone x3  
  85  6:02  Drone  
  91  6:08  Overseer  
  91  6:11  Overlord  
  91  6:12  Glial Reconstitution  
  91  6:15  Muscular Augments  
  91  6:16  Drone  
  91  6:17  Drone x7  
  98  6:26  Hydralisk  
  98  6:27  Hydralisk x3  
  106  6:33  Hydralisk  
  106  6:34  Roach  
  110  6:40  Roach  
  110  6:41  Roach x2  
  116  6:47  Hydralisk x5  
  116  6:49  Overlord  
  126  6:57  Hydralisk x5  
  136  7:02  Overlord x2  
  136  7:10  Ravager x2  
  136  7:11  Overlord  
  136  7:12  Drone  
  136  7:13  Extractor  
  136  7:14  Drone x2, Extractor  
  137  7:30  Overlord x3  
  137  7:33  Lurker Den  
  137  7:37  Drone x2  
  137  7:38  Spire  
  137  7:40  Spine Crawler  
  137  7:41  Spore Crawler  
  132  7:46  Drone x6  
  137  7:53  Drone  
  137  7:54  Overlord, Drone x2, Hatchery  
  137  7:57  Drone x3  
  139  8:10  Roach  
  139  8:11  Roach x8  
  157  8:16  Drone  
  158  8:28  Zergling x4, Evolution Chamber  
  158  8:29  Zergling x2, Evolution Chamber  
  119  8:50  Mutalisk  
  119  8:51  Mutalisk x13  
  146  8:59  Roach x6  
  146  9:00  Roach x4  
  146  9:02  Roach  
  167  9:06  Queen  
  167  9:09  Roach  
  183  9:10  Roach x6  
  183  9:20  Ravager  
  183  9:21  Ravager x2  
  186  9:27  Spine Crawler, Spore Crawler  
  186  9:30  Overlord  
  184  9:33  Zerg Ground Armor Level 1, Zerg Missile Weapons Level 1  
  184  9:42  Ravager x2  
  184  9:43  Ravager  
  181  9:57  Roach  
  181  9:58  Roach x8  
  190  10:18  Roach x4  
  198  10:23  Ravager  
  187  10:31  Roach x17  
  187  10:32  Roach  
  185  10:44  Roach x7  
  199  10:51  Ravager  
  138  11:04  Roach x10  
  138  11:05  Roach x4  
  156  11:17  Roach  
  156  11:18  Roach x5  
  160  11:24  Roach x3  
  111  11:38  Drone x3  
  111  11:39  Drone x4  
  104  11:40  Drone x2  
  104  11:43  Drone x2, Extractor  
  105  11:48  Drone  
  106  11:57  Ravager  
  106  11:58  Ravager  
  106  12:00  Ravager x2  
  110  12:03  Drone x2  
  110  12:05  Drone x2  
  110  12:06  Drone x2  
  110  12:07  Queen  
  93  12:27  Mutalisk x3  
  99  12:31  Drone  
  99  12:32  Drone x2  
  99  12:33  Extractor  
  99  12:37  Drone x2  
  99  12:42  Mutalisk x2  
  94  13:10  Mutalisk x4  
  100  13:15  Drone x3  
  103  13:20  Queen  
  105  13:29  Mutalisk x4  
  105  13:31  Zergling x14  
  105  13:32  Zergling x2  
  105  13:33  Hatchery  
  118  13:40  Roach  
  118  13:41  Roach  
  118  13:59  Mutalisk x5  
  118  14:01  Zergling x2  
  118  14:02  Zergling x16  
Tags
 
Add a new tag
Caveats
  • Supply blocks, unpowered buildings, or Contaminate may cause inaccurate times.
  • Supply counts are checked every 10 seconds.